Map: [ESL] Royal Blood

Players

Harstem - Winner!

  • Race: Protoss Protoss
  • League: Master
  • Spawn Location: 7:00

BabyMarine

  • Race: Terran Terran
  • Spawn Location: 1:00

Event: HomeStory Cup XXIII

VOD

Have the link to the VOD?

Description

Time

  • Played on: June 30, 2023, 9:58 a.m.
  • Length: 10:18

All games in this series

Show
View Real Time Build Order
Export as new Build Order

Harstem Protoss - Winner!

Build Orders: 1 Gate Expand, Phoenix Opening, Zealot Archon, Colossus Rush 

Get SALT Encoding   

  12  0:00  Probe  
  13  0:12  Probe  
  14  0:16  Pylon  
  14  0:24  Probe (Chrono Boost)  
  15  0:37  Probe (Chrono Boost), Gateway  
  16  0:43  Probe (Chrono Boost)  
  16  0:46  Assimilator  
  17  0:51  Probe  
  18  1:03  Probe  
  19  1:15  Probe  
  20  1:24  Cybernetics Core  
  20  1:34  Nexus  
  20  1:40  Pylon  
  20  1:44  Probe  
  21  1:50  Assimilator  
  21  1:56  Probe  
  21  1:57  Adept (Chrono Boost)  
  24  2:08  Probe  
  25  2:18  Stargate  
  25  2:19  Adept (Chrono Boost)  
  25  2:20  Probe  
  28  2:32  Probe  
  29  2:38  Warp Gate  
  29  2:44  Probe  
  29  2:46  Probe  
  31  2:58  Probe (Chrono Boost)  
  32  2:59  Probe (Chrono Boost)  
  32  3:03  Phoenix  
  35  3:10  Robotics Facility  
  35  3:11  Probe (Chrono Boost)  
  37  3:13  Probe (Chrono Boost)  
  37  3:18  Assimilator  
  37  3:19  Probe (Chrono Boost)  
  39  3:21  Probe (Chrono Boost)  
  39  3:26  Pylon  
  39  3:27  Probe (Chrono Boost)  
  40  3:28  Probe (Chrono Boost)  
  40  3:30  Phoenix  
  43  3:34  Assimilator  
  43  3:35  Probe  
  44  3:42  Probe  
  44  3:47  Probe  
  46  3:56  Probe  
  46  3:59  Probe  
  46  4:00  Observer  
  49  4:04  Nexus  
  49  4:06  Pylon  
  49  4:09  Robotics Bay  
  49  4:10  Probe  
  49  4:12  Probe  
  51  4:20  Phoenix (Chrono Boost)  
  51  4:22  Probe  
  54  4:25  Probe  
  54  4:29  Gateway  
  55  4:35  Probe  
  55  4:37  Probe  
  57  4:47  Probe  
  57  4:49  Probe  
  59  4:54  Pylon  
  59  4:59  Probe  
  60  5:00  Phoenix  
  60  5:04  Extended Thermal Lance (Chrono Boost)  
  60  5:06  Pylon  
  62  5:09  Colossus (Chrono Boost)  
  62  5:12  Probe  
  62  5:13  Forge  
  69  5:14  Twilight Council  
  69  5:16  Probe  
  69  5:19  Probe  
  69  5:20  Observer  
  71  5:21  Sentry  
  71  5:25  Probe  
  71  5:28  Probe  
  75  5:31  Probe  
  76  5:39  Gateway  
  76  5:40  Probe, Gateway  
  78  5:42  Probe  
  78  5:43  Probe  
  78  5:45  Colossus (Chrono Boost)  
  78  5:46  Charge, Protoss Ground Weapons Level 1 (Chrono Boost)  
  85  5:53  Probe  
  85  5:56  Probe  
  87  5:57  Pylon  
  87  6:00  Probe, Shield Battery  
  87  6:03  Pylon  
  88  6:07  Sentry  
  90  6:11  Shield Battery  
  90  6:13  Pylon  
  90  6:14  Phoenix  
  90  6:15  Probe  
  90  6:17  Probe  
  94  6:22  Pylon  
  94  6:27  Colossus (Chrono Boost)  
  94  6:31  Zealot x2  
  104  6:34  Probe  
  104  6:35  Pylon  
  104  6:37  Zealot x2  
  109  6:44  Gateway  
  109  6:49  Gateway  
  109  6:54  Zealot x2  
  109  6:56  Phoenix  
  109  6:57  Probe  
  109  6:59  Gateway  
  109  7:01  Gateway  
  114  7:02  Probe  
  114  7:03  Zealot x2  
  119  7:10  Assimilator  
  119  7:12  Assimilator  
  119  7:14  Zealot x2, Templar Archives  
  122  7:21  Phoenix, Shield Battery  
  124  7:23  Pylon  
  124  7:29  Zealot x2  
  129  7:38  Photon Cannon  
  129  7:39  Warp Prism (Chrono Boost), Protoss Ground Weapons Level 2 (Chrono Boost)  
  129  7:40  Zealot x2  
  129  7:41  Zealot  
  134  7:52  High Templar x2  
  134  7:53  Probe  
  134  7:55  Pylon  
  134  7:56  Archon  
  139  7:59  Zealot  
  141  8:05  Probe  
  141  8:07  Pylon  
  141  8:09  Zealot  
  133  8:22  Zealot x4  
  139  8:27  Probe  
  139  8:31  High Templar  
  139  8:32  High Templar x3, Pylon  
  148  8:37  Archon  
  148  8:38  Archon  
  148  8:40  Probe  
  149  8:47  Pylon  
  149  8:50  Probe  
  150  8:58  Nexus  
  150  8:59  Pylon  
  148  9:04  Zealot x4  
  148  9:05  Probe  
  148  9:07  Probe  
  148  9:08  Pylon  
  148  9:09  Pylon  
  158  9:11  Zealot x3  
  150  9:27  Zealot x4  
  152  9:33  Zealot x3  
  154  9:43  Probe  
  151  9:46  Gateway  
  151  9:50  Zealot x3  
  151  9:51  Gateway, Forge  
  145  9:57  Zealot x2  
  143  10:04  Probe  
  122  10:09  Zealot x2  
Show
View Real Time Build Order
Export as new Build Order

BabyMarine Terran 

Build Orders: Reaper Expand 

Get SALT Encoding   

  12  0:00  SCV  
  13  0:12  SCV  
  14  0:17  Supply Depot  
  14  0:24  SCV  
  15  0:38  SCV  
  15  0:40  Barracks  
  16  0:44  Refinery  
  16  0:50  SCV  
  17  1:02  SCV  
  18  1:14  SCV  
  19  1:26  Reaper  
  19  1:27  Orbital Command  
  20  1:46  Command Center  
  20  1:51  Supply Depot  
  20  1:52  SCV  
  21  1:58  Marine  
  22  2:05  SCV  
  23  2:10  Factory  
  23  2:16  Marine  
  23  2:17  SCV  
  23  2:20  Bunker  
  25  2:24  Refinery  
  25  2:29  SCV  
  26  2:35  Barracks Reactor  
  26  2:41  SCV  
  27  2:53  SCV  
  27  2:56  Hellion, Starport  
  30  2:59  Orbital Command  
  30  3:05  SCV  
  30  3:11  Marine x2  
  32  3:17  Widow Mine, SCV  
  35  3:24  SCV  
  36  3:27  Supply Depot  
  36  3:29  Marine x2, SCV  
  36  3:32  Medivac  
  41  3:36  SCV  
  41  3:39  Widow Mine  
  44  3:43  SCV  
  44  3:46  Marine  
  44  3:47  Marine  
  45  3:49  SCV  
  46  3:56  SCV  
  47  4:04  Marine x2  
  47  4:05  SCV  
  47  4:06  Factory Tech Lab  
  47  4:07  Viking  
  52  4:10  Barracks  
  52  4:13  Supply Depot  
  52  4:15  Supply Depot  
  51  4:17  SCV  
  51  4:22  Marine x2  
  53  4:30  SCV  
  54  4:35  SCV, Engineering Bay  
  54  4:36  Cyclone, Refinery  
  58  4:41  Supply Depot  
  58  4:44  SCV  
  58  4:45  Marine x2  
  61  4:47  SCV  
  61  4:50  Starport Tech Lab  
  61  4:52  Barracks  
  58  5:01  SCV  
  58  5:02  Terran Infantry Weapons Level 1  
  58  5:03  Marine x2  
  61  5:08  Siege Tank  
  61  5:11  SCV  
  65  5:14  Starport Reactor  
  65  5:15  SCV  
  65  5:17  Stimpack, Marine  
  65  5:19  Missile Turret  
  67  5:22  Supply Depot  
  67  5:24  Marine  
  67  5:25  Missile Turret  
  67  5:26  SCV  
  69  5:32  SCV  
  70  5:36  Supply Depot  
  70  5:38  SCV  
  70  5:42  Marauder  
  73  5:47  SCV  
  73  5:48  Combat Shield, Supply Depot  
  73  5:49  Refinery, Factory Reactor  
  74  5:50  Marine  
  74  5:52  Marine  
  74  5:55  Marauder  
  78  5:58  Medivac  
  78  6:02  Medivac  
  82  6:05  Marauder  
  82  6:10  Marine x2  
  86  6:14  Supply Depot  
  86  6:16  Marauder  
  88  6:26  Widow Mine x2  
  88  6:27  Command Center  
  88  6:30  Marauder  
  88  6:31  Marine x2  
  96  6:39  Barracks  
  96  6:42  Barracks  
  96  6:44  Marauder  
  97  6:54  Marine x2  
  97  6:55  Marauder  
  97  6:56  Widow Mine x2  
  97  6:58  Medivac  
  107  7:03  Concussive Shells  
  107  7:07  SCV x2  
  107  7:08  Terran Infantry Armor Level 1  
  109  7:23  Marine  
  110  7:30  Starport, Barracks Tech Lab  
  110  7:31  Barracks Reactor  
  110  7:39  Widow Mine x2, Marine, Marauder x2, Supply Depot x2, SCV x2  
  121  7:47  Ghost Academy  
  121  7:48  Marine  
  124  7:51  Marauder  
  124  7:52  Missile Turret  
  124  7:56  Viking  
  126  8:01  Viking  
  126  8:03  SCV  
  126  8:04  Marauder  
  130  8:13  Marine x4  
  130  8:14  Marauder  
  129  8:21  Ghost  
  129  8:25  Ghost  
  130  8:30  Marine  
  130  8:31  Marine  
  131  8:35  Marauder  
  120  8:41  Viking  
  120  8:43  Orbital Command  
  120  8:46  Viking  
  122  8:48  Viking  
  122  8:54  Ghost  
  122  8:55  Marine  
  121  9:04  Marine x2  
  121  9:05  Marauder x2, Marine  
  125  9:13  SCV x2  
  125  9:14  SCV  
  128  9:18  Viking x2  
  129  9:25  SCV  
  129  9:27  Marine x2  
  129  9:29  SCV  
  119  9:32  Ghost  
  119  9:33  Marine x2, Marauder x2  
  126  9:45  Marine x2  
  112  9:49  SCV x2  
  112  9:50  Marine  
  109  9:55  Marauder x2  
Tags
 
Add a new tag
Caveats
  • Supply blocks, unpowered buildings, or Contaminate may cause inaccurate times.
  • Supply counts are checked every 10 seconds.